 Dungeon Crawl Stone Soup version 0.29-a0-676-ga64570c9d2 (webtiles) character file.

Game seed: 4077997547235490957

9662 DocClef the Blocker (level 11, 0/86 (89) HPs)
             Began as a Gnoll Fighter on June 24, 2022.
             Was an Elder of Okawaru.
             Slain by Snorg (12 damage)
             ... on level 10 of the Dungeon.
             The game lasted 00:18:51 (13664 turns).

DocClef the Blocker (Gnoll Fighter)                Turns: 13664, Time: 00:18:52

HP:   0/86 (89)     AC: 16    Str: 19    XL:     11   Next: 50%
MP:   16/21         EV: 17    Int:  7    God:    Okawaru [****..]
Gold: 621           SH:  7    Dex: 13    Spells: 19/23 levels left

rFire   . . .      SeeInvis .   g - +3 war axe (freeze)
rCold   . . .      Faith    .   c - +0 buckler
rNeg    . . .      Spirit   .   d - +0 steam dragon scales
rPois   +          Reflect  .   m - +2 helmet
rElec   .          Harm     .   (no cloak)
rCorr   .          Rampage  .   k - +1 pair of gloves
Will    .....                   l - +0 pair of boots
Stlth   +++++.....              (no amulet)
HPRegen 0.24/turn               j - ring of poison resistance
MPRegen 0.17/turn               r - ring of wizardry

@: about to teleport, heroic, finesse-ful, studying Invocations, lightly drained
A: fangs 1, strong nose, distributed training
a: Renounce Religion, Heroism, Finesse


You were on level 10 of the Dungeon.
You worshipped Okawaru.
Okawaru was greatly pleased with you.
You visited 2 branches of the dungeon, and saw 11 of its levels.

You collected 621 gold pieces.

Inventory:

Hand Weapons
 a - a +0 flail
 g - a +3 war axe of freezing (weapon)
Missiles
 n - 39 poisoned darts (quivered)
 o - 3 boomerangs of dispersal
 F - a curare-tipped dart
Armour
 b - a +0 scale mail
 c - a +0 buckler (worn)
 d - +0 steam dragon scales (worn)
 k - a +1 pair of gloves (worn)
 l - a +0 pair of boots (worn)
 m - a +2 helmet (worn)
Jewellery
 j - a ring of poison resistance (left hand)
 r - a ring of wizardry (right hand)
 A - a ring of magical power
 C - a +4 ring of evasion
 H - a +6 ring of intelligence
Wands
 q - a wand of iceblast (20)
 s - a wand of flame (13)
 y - a wand of digging (2)
Scrolls
 i - 3 scrolls of identify
 p - 2 scrolls of immolation
 t - 2 scrolls of fear
 v - 2 scrolls of teleportation
 w - a scroll of poison
 D - 2 scrolls of vulnerability
Potions
 e - a potion of attraction
 f - 11 potions of curing
 h - 3 potions of haste
 z - 4 potions of mutation
 E - 3 potions of lignification


   Skills:
 + Level 9.5(14.5) Fighting
 + Level 6.7(11.7) Short Blades
 + Level 6.7(11.7) Long Blades
 + Level 6.7(11.7) Axes
 + Level 8.2(13.2) Maces & Flails
 + Level 6.7(11.7) Polearms
 + Level 6.7(11.7) Staves
 + Level 6.7(11.7) Slings
 + Level 6.7(11.7) Bows
 + Level 6.7(11.7) Crossbows
 + Level 6.7(11.7) Throwing
 + Level 9.5(14.5) Armour
 + Level 6.7(11.7) Dodging
 + Level 6.7(11.7) Stealth
 + Level 9.5(14.5) Shields
 + Level 6.7(11.7) Unarmed Combat
 + Level 6.7 Spellcasting
 + Level 5.6 Conjurations
 + Level 5.6 Hexes
 + Level 5.6 Summonings
 + Level 5.6 Necromancy
 + Level 5.6 Translocations
 + Level 5.6 Transmutations
 + Level 5.6 Fire Magic
 + Level 5.6 Ice Magic
 + Level 5.6 Air Magic
 + Level 5.6 Earth Magic
 + Level 5.6 Poison Magic
 + Level 7.8 Invocations
 + Level 6.7 Evocations


You had 19 spell levels left.
You knew the following spells:

 Your Spells              Type           Power      Damage    Failure   Level
a - Magic Dart            Conj           40%        1d5       1%          1
b - Beastly Appendage     Tmut           20%        N/A       1%          1
c - Wereblood             Tmut           10%        N/A       1%          2

Your spell library contained the following spells:

 Spells                   Type           Power      Damage    Failure   Level
 Necrotize                Necr           40%        1d6       1%          1
 Sandblast                Erth           20%        2d7       1%          1
 Passwall                 Tmut/Erth      8%         N/A       1%          2
 Poisonous Vapours        Pois/Air       20%        N/A       1%          2
 Static Discharge         Conj/Air       10%        N/A       1%          2
 Mephitic Cloud           Conj/Pois/Air  10%        N/A       3%          3
 Spider Form              Tmut/Pois      10%        N/A       3%          3
 Stone Arrow              Conj/Erth      20%        3d8       3%          3
 Vampiric Draining        Necr           10%        2d6       3%          3
 Airstrike                Air            5%         N/A       11%         4
 Corpse Rot               Necr/Pois/Air  10%        N/A       11%         4
 Dispel Undead            Necr           10%        3d9       11%         4
 Sticky Flame             Conj/Fire      10%        2d3       11%         4
 Agony                    Necr           10%        N/A       28%         5
 Lightning Bolt           Conj/Air       5%         1d17      28%         5
 Call Imp                 Summ           Unusable   N/A       N/A         2
 Summon Lightning Spire   Summ/Air       Unusable   N/A       N/A         4

Dungeon Overview and Level Annotations

Branches:
Dungeon (10/15)            Temple (1/1) D:6
   Lair: D:8-11         Orc: D:9-12

Altars:
Ashenzari
Cheibriados
Dithmenos
Elyvilon
Fedhas
Gozag
Hepliaklqana
Kikubaaqudgha
Makhleb
Nemelex Xobeh
Okawaru
Qazlal
Ru
Sif Muna
Trog
Uskayaw
Vehumet
Wu Jian
Xom
Yredelemnul
Zin
The Shining One
Beogh

Shops:
D:5 =   D:6 =   D:9 :

Annotations:
D:10 Snorg


Innate Abilities, Weirdness & Mutations

You have very sharp teeth.
Your uncanny sense of smell can sniff out nearby items.
Your experience applies equally to all skills.


Message History

You closely miss Snorg. Your bite misses Snorg.
Snorg is lightly wounded.
Snorg completely misses you. You block Snorg's attack. x2
Unknown command.
You slash Snorg! You freeze Snorg.
Snorg is moderately wounded.
Unknown command.
You closely miss Snorg.
Snorg is moderately wounded.
Snorg barely misses you. You block Snorg's attack. Snorg misses you.
Unknown command.
You slash Snorg! You freeze Snorg.
Snorg is moderately wounded.
You block Snorg's attack. Snorg claws you but does no damage. x2
Unknown command.
You hit Snorg. You freeze Snorg.
Snorg is moderately wounded.
You slash the howler monkey! You freeze the howler monkey.
You kill the howler monkey!
Okawaru accepts your kill. Snorg completely misses you.
Snorg barely misses you. Snorg claws you but does no damage.
You slash Snorg! You freeze Snorg.
Snorg is heavily wounded.
Unknown command.
You slash Snorg! You freeze Snorg.
Snorg is heavily wounded.
Snorg bites you!!
* * * LOW HITPOINT WARNING * * *
You block Snorg's attack. x2
Unknown command.
Okay, then.
As you read the scroll of teleportation, it crumbles to dust.
You feel strangely unstable. Snorg barely misses you.
Snorg claws you but does no damage. You block Snorg's attack. Snorg bites you!
* * * LOW HITPOINT WARNING * * *
Snorg claws you.
* * * LOW HITPOINT WARNING * * *
Snorg claws you!
You die...

....... .......
......T #
....... .#
....... ..#
.......#####..##
...(...((T@....#
####..........#
#...!.######
#.....#
...#.....#
...#.....#
...'.....#
####.....#
.........#


You could see Snorg (berserk, extremely poisoned).

Vanquished Creatures
  A boulder beetle (D:6)
  2 two-headed ogres
  A troll (D:10)
  The ghost of om the Insei, an amateur MfTm of Wu Jian (D:5)
  Sigmund (D:4)
  8 yaks (D:9)
  2 steam dragons
  4 orc warriors
  A sky beast (D:7)
  A black bear (D:6)
  2 ogres
  3 centaurs
  4 kobold brigands
  6 bullfrogs
  2 necrophages
  A gnoll sergeant (D:8)
  18 wights
  The ghost of Newt the Skirmisher, a weakling DsAK of Lugonu (D:3)
  7 killer bees
  8 howler monkeys
  An electric eel (D:10)
  A jelly (D:5)
  4 hounds
  5 orc priests
  2 gnoll shamans
  Jessica (D:2)
  3 iguanas
  Ijyb (D:4)
  Natasha (thrice) (D:3)
  6 orc wizards
  3 adders
  16 gnolls
  A shadow imp (D:6)
  3 white imps
  3 ufetubi
  3 worms
  4 dart slugs
  30 orcs
  4 ball pythons
  7 bats
  6 endoplasms
  12 giant cockroaches
  8 goblins
  9 hobgoblins
  A jackal (D:3)
  5 quokkas
  3 frilled lizards (D:3)
  28 kobolds
  6 rats
253 creatures vanquished.

Vanquished Creatures (others)
  A plant (D:3)
1 creature vanquished.

Grand Total: 254 creatures vanquished

Notes
Turn   | Place    | Note
-------+----------+-------------------------------------------
     0 | D:1      | DocClef the Gnoll Fighter began the quest for the Orb.
     0 | D:1      | Reached XP level 1. HP: 23/23 MP: 1/1
   434 | D:1      | Reached XP level 2. HP: 23/29 MP: 2/2
   819 | D:1      | Found a faded altar of an unknown god.
   905 | D:2      | Reached XP level 3. HP: 35/35 MP: 3/3
   965 | D:2      | Reached skill level 1 in Invocations
  1250 | D:2      | Noticed Jessica
  1254 | D:2      | Killed Jessica
  1255 | D:2      | Reached skill level 1 in Short Blades
  1255 | D:2      | Reached skill level 1 in Long Blades
  1255 | D:2      | Reached skill level 1 in Axes
  1255 | D:2      | Reached skill level 1 in Polearms
  1255 | D:2      | Reached skill level 1 in Staves
  1255 | D:2      | Reached skill level 1 in Slings
  1255 | D:2      | Reached skill level 1 in Bows
  1255 | D:2      | Reached skill level 1 in Crossbows
  1255 | D:2      | Reached skill level 1 in Throwing
  1255 | D:2      | Reached skill level 1 in Dodging
  1255 | D:2      | Reached skill level 1 in Stealth
  1255 | D:2      | Reached skill level 1 in Unarmed Combat
  1255 | D:2      | Reached skill level 1 in Spellcasting
  1255 | D:2      | Reached skill level 1 in Evocations
  1255 | D:2      | Reached XP level 4. HP: 39/41 MP: 5/5
  1822 | D:3      | You fall into a shaft and drop 3 floors!
  1991 | D:6      | Reached skill level 1 in Conjurations
  1991 | D:6      | Reached skill level 1 in Hexes
  1991 | D:6      | Reached skill level 1 in Summonings
  1991 | D:6      | Reached skill level 1 in Necromancy
  1991 | D:6      | Reached skill level 1 in Translocations
  1991 | D:6      | Reached skill level 1 in Transmutations
  1991 | D:6      | Reached skill level 1 in Fire Magic
  1991 | D:6      | Reached skill level 1 in Ice Magic
  1991 | D:6      | Reached skill level 1 in Air Magic
  1991 | D:6      | Reached skill level 1 in Earth Magic
  1991 | D:6      | Reached skill level 1 in Poison Magic
  2093 | D:6      | Noticed a bullfrog
  2103 | D:6      | Killed a bullfrog
  2104 | D:6      | Reached XP level 5. HP: 36/47 MP: 5/7
  2223 | D:6      | Noticed a kobold brigand
  2226 | D:6      | Noticed a boulder beetle
  2226 | D:6      | Noticed an orc warrior
  2234 | D:6      | Noticed a centaur
  2256 | D:6      | Found Ywieb's Jewellery Boutique.
  2308 | D:6      | Found a staircase to the Ecumenical Temple.
  2314 | Temple   | Entered the Ecumenical Temple
  2759 | Temple   | Became a worshipper of Warmaster Okawaru
  2781 | Temple   | Killed a centaur
  2782 | Temple   | Reached XP level 6. HP: 42/53 MP: 8/8
  2880 | D:6      | Noticed a steam dragon
  2925 | Temple   | Reached skill level 5 in Maces & Flails
  2929 | D:6      | Killed a steam dragon
  3114 | D:6      | Found a stormy altar of Qazlal.
  3138 | D:6      | Noticed a black bear
  3210 | D:6      | Killed a black bear
  3211 | D:6      | Reached XP level 7. HP: 52/60 MP: 10/10
  3434 | D:5      | Entered Level 5 of the Dungeon
  3647 | D:4      | Reached * piety under Okawaru
  3755 | D:3      | Found a hazy altar of Hepliaklqana.
  3805 | D:3      | Found a runed translucent gate.
  3805 | D:3      | Found a runed translucent gate.
  3805 | D:3      | Found a runed translucent gate.
  3806 | D:3      | Noticed Newt's ghost (weakling DsAK)
  3880 | D:3      | Found a basalt altar of Yredelemnul.
  3886 | D:3      | Found an ancient bone altar of Kikubaaqudgha.
  3886 | D:3      | Found a hide-covered altar of Uskayaw.
  4476 | D:3      | Noticed Natasha
  4486 | D:3      | Killed Natasha
  4514 | D:3      | Noticed Natasha
  4523 | D:3      | Killed Natasha
  4894 | D:3      | Noticed Natasha
  4905 | D:3      | Killed Natasha
  5025 | D:3      | Killed Newt's ghost
  5043 | D:3      | Reached XP level 8. HP: 36/67 MP: 12/12
  5337 | D:4      | Found an opulent altar of Gozag.
  5353 | D:4      | Learned a level 1 spell: Magic Dart
  5381 | D:4      | Noticed Sigmund
  5398 | D:4      | Killed Sigmund
  5629 | D:4      | Noticed Ijyb
  5654 | D:4      | Killed Ijyb
  6223 | D:5      | Found a runed translucent gate.
  6223 | D:5      | Found a runed translucent gate.
  6224 | D:5      | Found a runed translucent gate.
  6232 | D:5      | Noticed om's ghost (amateur MfTm)
  6300 | D:5      | Reached ** piety under Okawaru
  6680 | D:5      | Found Duaqyb Home's Jewellery Shop.
  6697 | D:5      | Reached skill level 5 in Short Blades
  6697 | D:5      | Reached skill level 5 in Long Blades
  6697 | D:5      | Reached skill level 5 in Axes
  6697 | D:5      | Reached skill level 5 in Polearms
  6697 | D:5      | Reached skill level 5 in Staves
  6697 | D:5      | Reached skill level 5 in Slings
  6697 | D:5      | Reached skill level 5 in Bows
  6697 | D:5      | Reached skill level 5 in Crossbows
  6697 | D:5      | Reached skill level 5 in Throwing
  6697 | D:5      | Reached skill level 5 in Dodging
  6697 | D:5      | Reached skill level 5 in Stealth
  6697 | D:5      | Reached skill level 5 in Unarmed Combat
  6697 | D:5      | Reached skill level 5 in Spellcasting
  6697 | D:5      | Reached skill level 5 in Evocations
  6697 | D:5      | Reached XP level 9. HP: 29/75 MP: 13/17
  7095 | D:5      | Found a radiant altar of Vehumet.
  8421 | D:7      | Reached XP level 10. HP: 82/82 MP: 18/18
  9020 | D:7      | Found a glowing golden altar of the Shining One.
  9140 | D:8      | Noticed a two-headed ogre
  9338 | D:8      | Reached *** piety under Okawaru
  9742 | D:8      | Reached skill level 5 in Conjurations
  9742 | D:8      | Reached skill level 5 in Hexes
  9742 | D:8      | Reached skill level 5 in Summonings
  9742 | D:8      | Reached skill level 5 in Necromancy
  9742 | D:8      | Reached skill level 5 in Translocations
  9742 | D:8      | Reached skill level 5 in Transmutations
  9742 | D:8      | Reached skill level 5 in Fire Magic
  9742 | D:8      | Reached skill level 5 in Ice Magic
  9742 | D:8      | Reached skill level 5 in Air Magic
  9742 | D:8      | Reached skill level 5 in Earth Magic
  9742 | D:8      | Reached skill level 5 in Poison Magic
 10070 | D:8      | Killed a two-headed ogre
 10857 | D:8      | Reached **** piety under Okawaru
 10953 | D:9      | Found Alodghua's Book Emporium.
 11498 | D:5      | Killed om's ghost
 11505 | D:5      | Reached XP level 11. HP: 63/89 MP: 20/20
 11651 | D:6      | Killed a boulder beetle
 12505 | D:9      | Learned a level 1 spell: Beastly Appendage
 12551 | D:9      | Reached ***** piety under Okawaru
 12860 | D:9      | Noticed a two-headed ogre
 12871 | D:9      | Killed a two-headed ogre
 13187 | D:9      | Learned a level 2 spell: Wereblood
 13188 | D:10     | Entered Level 10 of the Dungeon
 13206 | D:10     | Received a gift from Okawaru
 13643 | D:10     | Noticed Snorg
 13664 | D:10     | Slain by Snorg

Illustrated notes

Levels and vault maps discovered:
D:1:      saegor_arrival_simple_b, layout_basic,
          hellmonk_ecumenical_altar_leap_of_faith, minmay_tetromino_o2
D:2:      minmay_roachtagon, layout_loops_ring, kennysheep_generic_room_11,
          uniq_jessica
D:3:      minmay_thinvault, layout_loops_cross,
          mainiacjoe_overflow_cross_hatched,
          gammafunk_temple_overflow_forgotten, gammafunk_ghost_nasty_kobolds,
          minivault_5, corexii_item_surrounded_by_moat, kennysheep_flooded_box,
          uniq_natasha
D:4:      layout_basic, general_overflow_altar, serial_glass, glass_columns_a,
          glass_columns_b, serial_bayou_lagoon_b, uniq_sigmund, uniq_ijyb
D:5:      layout_basic, kennysheep_mini_moat, serial_shops, shop,
          biasface_ghost_orc_armoury
D:6:      layout_basic, grunt_qazlal_sundering, minmay_temple_entry_hall,
          minmay_shop_enchanted_jewellery, minmay_manual_moon
D:7:      layout_gridville, tso_oasis_becter, minmay_misc_feat_five,
          palyth_stone_intersect
D:8:      layout_basic, enter_bailey_4, kennysheep_generic_room_8
D:9:      layout_loops_cross, serial_shops, nicolae_shop_trees
D:10:     layout_irregular_city, david_orc_3, nicolae_lava_and_water,
          minivault_4, uniq_snorg
Temple:   dpeg_chambers_temple

Skill      XL: |  1  2  3  4  5  6  7  8  9 10 11 |
---------------+----------------------------------+-----
Invocations    | 1 2 3 6 7 |  7.8
Short Blades   | 1 2 5 6 |  6.7
Long Blades    | 1 2 5 6 |  6.7
Axes           | 1 2 5 6 |  6.7
Polearms       | 1 2 5 6 |  6.7
Staves         | 1 2 5 6 |  6.7
Slings         | 1 2 5 6 |  6.7
Bows           | 1 2 5 6 |  6.7
Crossbows      | 1 2 5 6 |  6.7
Throwing       | 1 2 5 6 |  6.7
Dodging        | 1 2 5 6 |  6.7
Stealth        | 1 2 5 6 |  6.7
Unarmed Combat | 1 2 5 6 |  6.7
Spellcasting   | 1 2 5 6 |  6.7
Evocations     | 1 2 5 6 |  6.7
Conjurations   | 1 2 4 5 |  5.6
Hexes          | 1 2 4 5 |  5.6
Summonings     | 1 2 4 5 |  5.6
Necromancy     | 1 2 4 5 |  5.6
Translocations | 1 2 4 5 |  5.6
Transmutations | 1 2 4 5 |  5.6
Fire Magic     | 1 2 4 5 |  5.6
Ice Magic      | 1 2 4 5 |  5.6
Air Magic      | 1 2 4 5 |  5.6
Earth Magic    | 1 2 4 5 |  5.6
Poison Magic   | 1 2 4 5 |  5.6
Maces & Flails | 5 7 8 |  8.2
Fighting       | 7 8 9 |  9.5
Armour         | 7 8 9 |  9.5
Shields        | 7 8 9 |  9.5

Action                   |  1- 3 |  4- 6 |  7- 9 | 10-12 || total
-------------------------+-------+-------+-------+-------++-------
Melee: Flail             |   120 |    95 |   403 |    86 ||   704
       Bite              |     7 |    16 |    43 |    47 ||   113
       War axe           |       |       |       |   299 ||   299
       Kick              |       |       |       |    11 ||    11
       Headbutt          |       |       |       |     9 ||     9
Throw: Dart              |       |       |    13 |    40 ||    53
 Cast: Magic Dart        |       |       |     2 |       ||     2
       Beastly Appendage |       |       |       |     3 ||     3
Invok: Heroism           |       |       |     2 |     6 ||     8
       Finesse           |       |       |       |     1 ||     1
  Use: Scroll            |       |     3 |     8 |     7 ||    18
       Potion            |       |     1 |     3 |     3 ||     7
 Stab: Sleeping          |       |       |     6 |     3 ||     9
       Distracted        |       |       |       |     1 ||     1
Armor: Scale mail        |    69 |    94 |       |       ||   163
       Steam dragon scal |       |    10 |   214 |   131 ||   355
Dodge: Dodged            |    58 |    71 |   267 |   278 ||   674
Block: Buckler           |    39 |    41 |   122 |   132 ||   334

Table legend: (Time is in decaauts)
 A = Elapsed time spent in this place.
 B = Non-inter-level travel time spent in this place.
 C = Inter-level travel time spent in this place.
 D = Time resting spent in this place.
 E = Time spent auto-exploring this place.
 F = Levels seen in this place.
 G = Mean time per level.
                   A        B        C        D        E       F      G
               +--------+--------+--------+--------+--------+-----+--------+
         Total |  13810 |  13185 |    625 |   2444 |   8130 |  11 | 1255.5 |
       Dungeon |  13181 |  12602 |    579 |   2161 |   7913 |  10 | 1318.1 |
        Temple |    628 |    582 |     46 |    283 |    217 |   1 |  628.0 |
               +--------+--------+--------+--------+--------+-----+--------+

Top non-repeatable levels by time:
     D:8: 1672 daAuts
     D:3: 1626 daAuts
     D:9: 1610 daAuts
     D:5: 1563 daAuts
     D:6: 1560 daAuts
     D:7: 1537 daAuts
     D:4: 1382 daAuts
     D:2: 942 daAuts
     D:1: 891 daAuts
  Temple: 628 daAuts
    D:10: 396 daAuts
